 Dungeon Crawl Stone Soup version bcrawl-1.27.1d (webtiles) character file.

Game seed: 16052635551521186328

98752 OutcastIllithid the Sneak (level 2, -6/17 HPs)
             Began as an Octopode Wizard on July 15, 2020.
             Killed from afar by a goblin (9 damage)
             ... with a wand of flame (16)
             ... on level 2 of the Dungeon.
             The game lasted 00:02:11 (861 turns).

OutcastIllithid the Sneak (Octopode Wizard)          Turns: 861, Time: 00:02:12

Health: -6/17      AC:  1    Str:  6    XL:     2   Next: 83%
Magic:  1/6        EV: 13    Int: 20    God:
Gold:   42         SH:  0    Dex: 10    Spells: 2/7 levels left

rFire    . . .     SeeInvis .   g - +2 hand axe (chop)
rCold    . . .     Gourm    .   (no shield)
rNeg     . . .     Faith    .   b - +0 hat
rPois    .         Spirit   .   (cloak restricted)
rElec    .         Reflect  .   (no amulet)
rCorr    .         Harm     .   (no ring)
MR       .....                  (no ring)
Stlth    +++.......             (no ring)
HPRegen  0.05/turn              (no ring)
MPRegen  0.10/turn              (no ring)
                                (no ring)
                                (no ring)
                                (no ring)

@: very slightly contaminated
A: almost no armour, stealthy swim, amphibious, 8 rings, constrict 8, camouflage
1, gelatinous body 1
a: no special abilities


You were on level 2 of the Dungeon.
You were not hungry.

You visited 1 branch of the dungeon, and saw 2 of its levels.

You collected 42 gold pieces.

Inventory:

Hand Weapons
 g - a +2 hand axe of chopping (weapon)
Missiles
 Q - 301 arrows
Armour
 b - a +0 hat (worn)
Potions
 c - a potion of flight {unknown}
 d - a potion of brilliance
Comestibles
 e - 4 rations {!d}


   Skills:
 - Level 2.0 Dodging
 - Level 3.0 Stealth
 - Level 3.0 Spellcasting
 + Level 2.7 Conjurations
 - Level 1.0 Summonings
 - Level 1.0 Translocations


You had 2 spell levels left.
You knew the following spells:

 Your Spells              Type           Power        Failure   Level  Hunger
a - Magic Dart            Conj           ##..         4%          1    None
b - Blink                 Tloc           N/A          14%         2    #......
c - Call Imp              Summ           #.....       14%         2    #......

Your spell library contained the following spells:

 Spells                   Type           Power        Failure   Level  Hunger
 Conjure Flame            Conj/Fire      #.......     24%         3    ####...
 Mephitic Cloud           Conj/Pois/Air  #.......     30%         3    ####...
 Spider Form              Tmut/Pois      #..          38%         3    ####...


Dungeon Overview and Level Annotations

Branches:
Dungeon (2/12)

Altars:


Innate Abilities, Weirdness & Mutations

You cannot wear most types of armour.
You are very stealthy in the water. (Stealth+)
You are amphibious.
You can wear up to eight rings at the same time.
You can use your tentacles to constrict eight enemies at once.
Your skin changes colour to match your surroundings (Stealth+).
Your rubbery body absorbs attacks. (AC +1, EV +1)


Message History

Unknown command.
You hit the worm but do no damage.
Ssssck.
You grab the worm. You constrict the worm.
You hear a zap.
A puff of flame appears from out of thin air!
The puff of flame hits you!
Ouch! That really hurt!
* * * LOW HITPOINT WARNING * * *
You take 9 damage, and have 5/17 hp.
MASSIVE DAMAGE!!
You release your grip on the worm.
A stone appears from out of thin air!
The stone hits you.
* * * LOW HITPOINT WARNING * * *
You take 2 damage, and have 3/17 hp.
A stone appears from out of thin air!
The stone hits you but does no damage.
You hear a zap.
A puff of flame appears from out of thin air!
The puff of flame hits you!
Ouch! That really hurt!
You die...

#.......#####..#
#.......##....#
##....).÷..####
##...........<#
#.......#####.....#
#.......# #####.#
#.......###### .
##...........# .##
##.....@....#####.....
####.............##.#
#.....w.##.......#
#...†...#.......##
#..†..†..........#
#....†...{.......#
#........†.......#
#................#
#................#


You could see a worm.

Levels and vault maps discovered:
D:1:      matt_arrival_diagonals, layout_basic, minmay_crystal_room
D:2:      layout_rooms, uniq_robin

Notes
Turn   | Place    | Note
-------+----------+-------------------------------------------
     0 | D:1      | OutcastIllithid the Octopode Wizard began the quest for the
                  | Orb.
     0 | D:1      | Reached XP level 1. HP: 11/11 MP: 4/4
   350 | D:1      | Identified a +0 club
   360 | D:1      | Reached skill level 2 in Conjurations
   360 | D:1      | Reached XP level 2. HP: 6/17 MP: 6/6
   364 | D:1      | Learned a level 2 spell: Blink
   509 | D:1      | Identified a +2 hand axe of chopping (You found it on level
                  | 1 of the Dungeon)
   679 | D:1      | Learned a level 2 spell: Call Imp
   857 | D:2      | HP: 3/17 [something (2)]
   861 | D:2      | Killed from afar by a goblin

Table legend:
 A = Turns spent in this place as a percentage of turns spent in the entire game.
 B = Non-inter-level travel turns spent in this place as a percentage of non-inter-level travel turns spent in the entire game.
 C = Inter-level travel turns spent in this place as a percentage of turns spent in this place.
 D = Turns resting spent in this place as a percentage of non-inter-level travel turns spent in this place.
 E = Turns spent auto-exploring this place as a percentage of non-inter-level travel turns spent in this place.
 F = Non-inter-level travel turns spent in this place divided by the number of levels of this place that you've seen.
                   A       B       C       D       E      F
               +-------+-------+-------+-------+-------+----------------------
         Total | 100.0 | 100.0 |   6.5 |   0.0 |  84.6 | 402.5
       Dungeon | 100.0 | 100.0 |   6.5 |   0.0 |  84.6 | 402.5
               +-------+-------+-------+-------+-------+----------------------

Table legend:
 A = Kills in this place as a percentage of kills in entire the game.
 B = Kills by you in this place as a percentage of kills by you in the entire game.
 C = Kills by friends in this place as a percentage of kills by friends in the entire game.
 D = Other kills in this place as a percentage of other kills in the entire game.
 E = Experience gained in this place as a percentage of experience gained in the entire game.
 F = Experience gained in this place divided by the number of levels of this place that you have seen.
                   A       B       C       D       E      F
               +-------+-------+-------+-------+-------+----------------------
         Total | 100.0 | 100.0 |   N/A |   N/A | 100.0 |  15.0
       Dungeon | 100.0 | 100.0 |   N/A |   N/A | 100.0 |  15.0
               +-------+-------+-------+-------+-------+----------------------

Skill      XL: |  1 |
---------------+----+-----
Conjurations   | 2 |  2.7
Dodging        | |  2.0
Stealth        | |  3.0
Spellcasting   | |  3.0
Summonings     | |  1.0
Translocations | |  1.0

Action                   || total
-------------------------++-------
Melee: Staff             ||    20
       Constrict         ||    10
       Tentacles         ||     2
       Hand axe          ||    19
 Cast: Magic Dart        ||     5
 Stab: Sleeping          ||     4
  Eat: Chunk             ||     1
Armor: Skin              ||     4
Dodge: Dodged            ||    31

Vanquished Creatures
  A worm (D:2)
  A leopard gecko (D:2)
  3 bats
  2 giant cockroaches
  2 hobgoblins (D:1)
  3 kobolds
  3 frilled lizards
  2 rats
17 creatures vanquished.
